Map: King's Cove LE

Players

IIIIIIllIIl

  • Race: Zerg Zerg
  • League: Diamond
  • Spawn Location: 5:00

wootwoot - Winner!

  • Race: Terran Terran
  • League: Diamond
  • Spawn Location: 11:00

VOD

Have the link to the VOD?

Description

Time

  • Played on: April 2, 2025, 4:30 p.m.
  • Length: 9:28
Show
View Real Time Build Order
Export as new Build Order

IIIIIIllIIl Zerg 

Build Orders: Hatch First 

Get SALT Encoding   

  12  0:02  Drone  
  13  0:08  Drone  
  14  0:17  Overlord  
  16  0:35  Drone x3  
  17  0:52  Hatchery  
  17  0:57  Drone  
  17  0:59  Drone  
  17  1:02  Extractor  
  17  1:16  Spawning Pool  
  16  1:19  Drone  
  16  1:22  Drone  
  18  1:33  Drone  
  19  1:42  Drone  
  20  1:52  Drone  
  21  2:03  Queen x2  
  21  2:07  Metabolic Boost  
  25  2:16  Zergling x4  
  25  2:19  Overlord  
  27  2:34  Hatchery  
  26  2:48  Drone x3  
  26  2:50  Queen  
  31  3:06  Overlord  
  31  3:07  Drone x2  
  31  3:09  Drone  
  34  3:29  Drone  
  34  3:30  Drone, Roach Warren  
  34  3:32  Drone  
  36  3:35  Evolution Chamber  
  36  3:48  Drone x4  
  36  3:50  Drone  
  36  3:51  Drone x3  
  43  4:00  Drone  
  43  4:01  Extractor  
  43  4:03  Extractor  
  41  4:13  Drone x2  
  41  4:14  Drone x2  
  45  4:19  Drone x3  
  45  4:21  Spine Crawler  
  47  4:24  Drone  
  47  4:27  Lair  
  47  4:29  Drone x2  
  47  4:30  Spine Crawler, Overlord  
  49  4:40  Drone  
  50  4:49  Spine Crawler  
  50  4:50  Drone  
  50  4:51  Drone x4  
  54  4:54  Zerg Missile Weapons Level 1  
  54  4:56  Drone x3  
  54  4:57  Drone  
  58  5:01  Extractor  
  57  5:09  Burrow  
  57  5:12  Drone  
  57  5:13  Spine Crawler, Overlord x3  
  57  5:27  Overlord x2  
  57  5:34  Drone x4  
  57  5:35  Drone  
  62  5:39  Hatchery  
  62  5:42  Queen  
  61  5:43  Drone x2  
  61  5:45  Drone  
  66  5:51  Spine Crawler  
  66  5:56  Drone x2  
  67  5:59  Evolution Chamber  
  67  6:03  Roach  
  80  6:04  Roach x7  
  82  6:16  Overlord x2  
  82  6:20  Drone  
  82  6:22  Hydralisk Den  
  82  6:49  Roach Warren  
  75  7:05  Hydralisk x2  
  75  7:06  Hydralisk x18  
  109  7:09  Zergling x2  
  102  7:21  Queen x2  
  71  7:37  Muscular Augments  
  71  7:40  Drone  
  71  7:41  Drone x5  
  56  7:54  Drone  
  56  7:55  Drone x8  
  65  8:04  Queen  
  67  8:17  Drone x2  
  69  8:26  Overlord x3  
  69  8:33  Queen  
  71  8:35  Drone  
  72  8:45  Drone  
  72  8:46  Drone x7  
  79  9:05  Roach  
  79  9:06  Roach x5  
Show
View Real Time Build Order
Export as new Build Order

wootwoot Terran - Winner!

Build Orders: 2 Factory, Gas First Reaper Expand 

Get SALT Encoding   

  12  0:00  SCV  
  13  0:12  SCV  
  14  0:18  Supply Depot  
  14  0:24  SCV  
  15  0:30  Refinery  
  15  0:39  SCV  
  16  0:48  Barracks  
  16  0:53  SCV  
  17  1:05  SCV  
  18  1:18  SCV  
  19  1:35  Reaper  
  19  1:36  Orbital Command  
  20  1:52  Command Center  
  20  2:02  SCV  
  20  2:07  Factory  
  21  2:13  Refinery  
  21  2:18  SCV, Barracks Reactor  
  22  2:24  Supply Depot  
  22  2:30  SCV  
  23  2:46  SCV  
  24  2:53  Factory  
  26  2:58  Hellion  
  26  2:59  Hellion  
  26  3:01  SCV  
  29  3:06  Orbital Command  
  29  3:13  SCV  
  29  3:14  Barracks Tech Lab  
  30  3:24  Hellion  
  30  3:25  Hellion  
  34  3:27  SCV  
  34  3:32  SCV  
  36  3:42  Mag-Field Accelerator  
  36  3:43  SCV, Cyclone  
  40  3:48  Supply Depot  
  40  3:53  Supply Depot  
  40  3:56  SCV x2  
  42  4:08  SCV x2  
  44  4:20  SCV x2  
  46  4:24  Factory x2  
  46  4:25  Factory  
  46  4:32  SCV x2  
  46  4:36  Refinery x2  
  48  4:44  SCV x2  
  48  4:45  Cyclone  
  53  4:47  Hellion  
  53  4:48  Hellion  
  57  4:56  SCV x2  
  59  5:03  Supply Depot  
  59  5:07  Factory Tech Lab  
  59  5:08  SCV x2, Factory Tech Lab  
  59  5:09  Supply Depot  
  59  5:10  Factory Reactor  
  61  5:20  SCV  
  62  5:25  SCV, Cyclone  
  66  5:31  Supply Depot  
  66  5:32  SCV  
  66  5:35  Infernal Pre-Igniter, Hellion x2  
  71  5:37  Supply Depot  
  71  5:38  Cyclone  
  74  5:48  Hellion x2  
  78  5:51  Supply Depot  
  78  5:52  Supply Depot  
  78  6:00  Cyclone x2  
  84  6:09  Hellion  
  84  6:10  Cyclone  
  91  6:11  Hellion  
  91  6:18  Supply Depot  
  91  6:31  Hellion  
  91  6:32  Cyclone x2  
  95  6:42  Cyclone  
  98  6:49  Hellion x2  
  100  7:01  Hellion  
  100  7:04  Cyclone x2  
  104  7:14  Cyclone  
  105  7:21  Hellion x3  
  111  7:36  Cyclone x2  
  89  7:46  Cyclone  
  76  7:52  Hellion x2  
  76  7:53  Hellion x2  
  82  8:13  Siege Tank x2, Hellion x2  
  82  8:14  Hellion x2  
  82  8:19  Siege Tank  
  100  8:41  Hellion x2  
  100  8:42  Hellion x2  
  100  8:48  Siege Tank x2  
  112  8:51  Siege Tank, Command Center  
Tags
 
Add a new tag
Caveats
  • Supply blocks, unpowered buildings, or Contaminate may cause inaccurate times.
  • Supply counts are checked every 10 seconds.